 Dungeon Crawl Stone Soup version 0.27.1-2-g3b301248ec (webtiles) character file.

Game seed: 6388437520473793833

44 Descartes the Sneak (level 3, -2/14 HPs)
             Began as a Felid Venom Mage on Sept 25, 2021.
             Slain by an orc (7 damage)
             ... on level 3 of the Dungeon.
             The game lasted 00:03:31 (2696 turns).

Descartes the Sneak (Felid Venom Mage)              Turns: 2696, Time: 00:03:32

Health: -2/14      AC:  1    Str:  5    XL:     3   Next: 39%
Magic:  6/7        EV: 33    Int: 16    God:
Gold:   113        SH:  0    Dex: 16    Spells: 5/6 levels left
                                        Lives:  0   Deaths: 0

rFire    . . .     SeeInvis +     - Unarmed
rCold    . . .     Faith    .   (shield unavailable)
rNeg     + . .     Spirit   .   (armour unavailable)
rPois    .         Reflect  .   (helmet unavailable)
rElec    .         Harm     .   (cloak unavailable)
rCorr    .         Rampage  .   (gloves unavailable)
Will     .....                  (boots unavailable)
Stlth    ++........             b - amulet of the acrobat
HPRegen  0.04/turn              d - ring of positive energy
MPRegen  0.10/turn              (no ring)

@: acrobatic, quick
A: very small, claws 1, fangs 3, see invisible, speed 1, shaggy fur 1, stealthy
paws, no weapons or thrown items, no armour, multi-lived
a: no special abilities


You were on level 3 of the Dungeon.
You visited 1 branch of the dungeon, and saw 3 of its levels.

You collected 113 gold pieces.

Inventory:

Jewellery
 b - an amulet of the acrobat (around neck)
 d - a ring of positive energy (left paw)
Scrolls
 c - 3 scrolls of identify {unknown}
 f - 3 scrolls of teleportation {unknown}
 h - a scroll of silence {unknown}
Potions
 a - 2 potions of cancellation {unknown}
 e - 3 potions of degeneration {unknown}
 g - 2 potions of mutation {unknown}


   Skills:
 + Level 3.2 Dodging
 + Level 3.2 Stealth
 + Level 1.0 Unarmed Combat
 + Level 2.3 Spellcasting
 + Level 1.7 Transmutations
 + Level 3.0 Poison Magic


You had 5 spell levels left.
You knew the following spells:

 Your Spells              Type           Power      Damage    Failure   Level
a - Sting                 Tmut/Pois      36%        1d4       8%          1

Your spell library contained the following spells:

 Spells                   Type           Power      Damage    Failure   Level
 Poisonous Vapours        Pois/Air       12%        N/A       16%         2
 Mephitic Cloud           Conj/Pois/Air  5%         N/A       36%         3
 Olgreb's Toxic Radiance  Pois           11%        N/A       50%         4


Dungeon Overview and Level Annotations

Branches:
Dungeon (3/15)

Altars:
Xom


Innate Abilities, Weirdness & Mutations

You have sharp claws.
You have razor-sharp teeth.
You have supernaturally acute eyesight. (SInv)
You cover ground quickly. (Speed+)
You are covered in fur. (AC +1)
Your paws help you pounce on unaware monsters.
You are incapable of wielding weapons or throwing items.
You cannot wear armour.
You gain extra lives every three experience levels.


Message History

Aiming: Sting (safe; 8% risk of failure)
Press: ? - help, Shift-Dir - straight line, f/p - adder
Aim: an adder (severely wounded, very poisoned, 48% to hit)
The sting hits the adder.
The adder looks as sick as possible!
You kill the adder!
Your Unarmed Combat skill increases to level 1!
Your Poison Magic skill increases to level 3!
An orc comes into view. It is wielding a +0 club.
Unknown command.
Casting: Sting (safe; 8% risk of failure)
Confirm with . or Enter, or press ? or * to list all spells.
You can't see any susceptible monsters within range! (Use Z to cast anyway.)
The orc shouts!
Casting: Sting (safe; 8% risk of failure)
Confirm with . or Enter, or press ? or * to list all spells.
You can't see any susceptible monsters within range! (Use Z to cast anyway.) Unknown command.
An orc is nearby!
Casting: Sting (safe; 8% risk of failure)
Confirm with . or Enter, or press ? or * to list all spells.
Aiming: Sting (safe; 8% risk of failure)
Press: ? - help, Shift-Dir - straight line, f - orc
Aim: an orc, wielding a +0 club and wearing a +0 leather armour (68% to hit)
The sting hits the orc but does no damage.
The orc is poisoned.
Casting: Sting (safe; 8% risk of failure)
Confirm with . or Enter, or press ? or * to list all spells.
Aiming: Sting (safe; 8% risk of failure)
Press: ? - help, Shift-Dir - straight line, f/p - orc
Aim: an orc, wielding a +0 club and wearing a +0 leather armour (lightly wounded, poisoned, 68% to hit)
The sting misses the orc.
The orc drinks a potion.
The orc goes berserk!
The orc rages.
You hear a shout!
The orc looks more healthy.
The orc hits you with a +0 club. x2
Found 4 gold pieces.
There is a stone staircase leading up here.
The orc misses you. The orc hits you with a +0 club!
Ouch! That really hurt!
You die...

#......#.#.....# ...
###.....#(....## ...<
#...............
.....########.........##
.........).....##.....#
...............##.....#
...........<...##.....####
.......).##o##.##.#......#
..<.......@..............#
.#######.###.#.##.#......#
.[..........#......#
###.######.#.#......# #.#
#.#.######## .. #.#.# .#.#
#.#


You could see an orc (berserk).

Vanquished Creatures
  An adder (D:3)
  A ball python (D:1)
  3 bats (D:1)
  An endoplasm (D:1)
  A goblin (D:2)
  5 hobgoblins
  6 jackals (D:1)
  A quokka (D:1)
  2 frilled lizards (D:1)
  8 kobolds
  A rat (D:1)
30 creatures vanquished.

Notes
Turn   | Place    | Note
-------+----------+-------------------------------------------
     0 | D:1      | Descartes the Felid Venom Mage began the quest for the Orb.
     0 | D:1      | Reached XP level 1. HP: 7/7 MP: 4/4
   326 | D:1      | Reached XP level 2. HP: 3/11 MP: 4/6
  1813 | D:2      | Found a faded altar of an unknown god.
  1991 | D:2      | Found a shimmering altar of Xom.
  2064 | D:2      | Reached XP level 3. HP: 14/14 MP: 5/7
  2637 | D:3      | Reached skill level 1 in Unarmed Combat
  2696 | D:3      | Slain by an orc

Illustrated notes

Levels and vault maps discovered:
D:1:      ncdulo_halloftheorcs, layout_basic
D:2:      layout_loops_ring, chequers_ecumenical_altar_island, basic_altar
D:3:      layout_basic, mainiacjoe_overflow_paths, serial_shops, shop

Skill      XL: |  1  2  3 |
---------------+----------+-----
Stealth        | 3 |  3.2
Dodging        | 3 |  3.2
Unarmed Combat | 1 |  1.0
Poison Magic   | 3 |  3.0
Spellcasting   | |  2.3
Transmutations | |  1.7

Action                   || total
-------------------------++-------
Melee: Unarmed           ||    12
       Bite              ||     2
 Cast: Sting             ||    56
Armor: Skin              ||     4
Dodge: Dodged            ||    31
